 Dungeon Crawl Stone Soup version 0.27-a0-1565-gad902ab807 (webtiles) character file.

Game seed: 1352958354251492783

102 nothank2 the Insei (level 4, -1/29 HPs)
             Began as an Octopode Transmuter on July 16, 2021.
             Was an Initiate of Dithmenos.
             Slain by Terence (8 damage)
             ... on level 3 of the Dungeon.
             The game lasted 00:10:02 (3027 turns).

nothank2 the Insei (Octopode Transmuter)            Turns: 3027, Time: 00:10:02

Health: -1/29      AC:  1    Str:  9    XL:     4   Next: 78%
Magic:  8/8        EV: 13    Int: 16    God:    Dithmenos [......]
Gold:   95         SH:  0    Dex: 12    Spells: 4/8 levels left

rFire    . . .     SeeInvis .     - Unarmed
rCold    . . .     Faith    .   (no shield)
rNeg     . . .     Spirit   .   (helmet currently unavailable)
rPois    .         Reflect  .   (no amulet)
rElec    .         Harm     .   (no ring)
rCorr    .         Rampage  .   (no ring)
Will     .....                  (no ring)
Stlth    ++........             (no ring)
HPRegen  0.09/turn              (no ring)
MPRegen  0.11/turn              (no ring)
                                (no ring)
                                (no ring)

@: appendages (expiring)
A: tentacle spike 3, almost no armour, amphibious, 8 rings, camouflage 1,
gelatinous body 1, (nimble swimmer 1), tentacles
a: End Transformation, Renounce Religion


You were on level 3 of the Dungeon.
You worshipped Dithmenos.
Dithmenos was noncommittal.
One of your tentacles had grown a beastly spike.
You visited 1 branch of the dungeon, and saw 3 of its levels.

You collected 95 gold pieces.

Inventory:

Jewellery
 f - an amulet of magic regeneration
Scrolls
 a - 3 scrolls of enchant weapon {unknown}
 b - 7 scrolls of identify {unknown}
 d - a scroll of amnesia {unknown}
 e - a scroll of magic mapping {unknown}
Potions
 c - a potion of degeneration {unknown}
 g - a potion of flight {unknown}


   Skills:
 + Level 2.2 Fighting
 - Level 2.0 Dodging
 + Level 3.7 Unarmed Combat
 + Level 2.7 Spellcasting
 + Level 2.9 Transmutations
 + Level 0.7 Poison Magic


You had 4 spell levels left.
You knew the following spells:

 Your Spells              Type           Power      Damage    Failure   Level
a - Beastly Appendage     Tmut           22%        N/A       6%          1
b - Spider Form           Tmut/Pois      4%         N/A       26%         3

Your spell library contained the following spells:

 Spells                   Type           Power      Damage    Failure   Level
 Wereblood                Tmut           11%        N/A       9%          2
 Ice Form                 Ice/Tmut       6%         N/A       71%         4


Dungeon Overview and Level Annotations

Branches:
Dungeon (3/15)

Altars:
Dithmenos

Annotations:
D:3 Terence


Innate Abilities, Weirdness & Mutations

One of your tentacles has grown a beastly spike.
You cannot wear most types of armour.
You are amphibious.
You can wear up to eight rings at the same time.
Your skin changes colour to match your surroundings (Stealth+).
Your rubbery body absorbs attacks. (AC +1, EV +1)
((You are camouflaged near water. (Stealth+)))
You have tentacles for arms and can constrict up to eight enemies at once.


Message History

Terence hits you with a +1 mace of protection.
You tentacle-slap Terence but do no damage.
You pierce Terence, but do no damage.
Terence is lightly wounded.
You constrict Terence, but do no damage.
Terence misses you.
You tentacle-slap Terence but do no damage.
You pierce Terence.
Terence is moderately wounded.
Your transformation is almost over.
You constrict Terence.
Terence hits you with a +1 mace of protection.
You tentacle-slap Terence but do no damage.
You pierce Terence.
You squeeze Terence, but do no damage.
Terence is heavily wounded.
You constrict Terence. Terence misses you.
You tentacle-slap Terence but do no damage.
Terence is severely wounded.
You constrict Terence, but do no damage.
Terence closely misses you.
You tentacle-slap Terence but do no damage.
You squeeze Terence, but do no damage.
Terence is severely wounded.
You constrict Terence, but do no damage.
Terence hits you with a +1 mace of protection!
* * * LOW HITPOINT WARNING * * *
You are too injured to fight recklessly!
You are too injured to fight recklessly!
You tentacle-slap Terence but do no damage.
You squeeze Terence, but do no damage.
Terence is severely wounded.
You constrict Terence, but do no damage.
Terence hits you with a +1 mace of protection.
* * * LOW HITPOINT WARNING * * *
You tentacle-slap Terence but do no damage.
You pierce Terence, but do no damage.
Terence is severely wounded.
You constrict Terence.
Terence hits you with a +1 mace of protection!
You die...

### #.###### #......#
#########.####.########
..............>.......#
#######.#.####.#......#
#.....#.#.# #.#.###..#
#...#.#.#.# #.#...# #
#...#.#.#.## #.#@.!#
#...#.#....#
#..@.......
#...#.#..###
###.#.#.... .........#
..#.##### ###.#.#.##
###.# .........# .#
###.#.#..# # ###......
# ..#.....


You could see Terence.

Vanquished Creatures
  4 adders
  A worm (D:3)
  2 dart slugs (D:2)
  4 ball pythons
  8 endoplasms
  2 goblins
  4 hobgoblins
  5 jackals (D:1)
  5 quokkas
  5 bats
  3 frilled lizards
  9 kobolds
  5 rats
57 creatures vanquished.

Vanquished Creatures (others)
  7 plants (D:1)
7 creatures vanquished.

Grand Total: 64 creatures vanquished

Notes
Turn   | Place    | Note
-------+----------+-------------------------------------------
     0 | D:1      | nothank2 the Octopode Transmuter began the quest for the
                  | Orb.
     0 | D:1      | Reached XP level 1. HP: 13/13 MP: 3/3
   220 | D:1      | Reached XP level 2. HP: 17/18 MP: 3/5
   655 | D:1      | Reached XP level 3. HP: 18/23 MP: 4/6
  1221 | D:1      | Found a faded altar of an unknown god.
  1480 | D:1      | Learned a level 3 spell: Spider Form
  1855 | D:2      | Found a shadowy altar of Dithmenos.
  1861 | D:2      | Reached XP level 4. HP: 25/29 MP: 5/7
  1910 | D:2      | Became a worshipper of Dithmenos the Shadowed
  3008 | D:3      | Noticed Terence
  3027 | D:3      | Slain by Terence

Illustrated notes

Levels and vault maps discovered:
D:1:      roderic_crossed_star, layout_loops_ring,
          shapermc_ecumenical_altar_hornbeckon, lexackson_kobold_supper
D:2:      layout_loops_cross, basic_altar
D:3:      layout_basic, uniq_terence

Skill      XL: |  1  2  3  4 |
---------------+-------------+-----
Fighting       | 2 |  2.2
Dodging        | |  2.0
Unarmed Combat | |  3.7
Spellcasting   | |  2.7
Transmutations | |  2.9
Poison Magic   | |  0.7

Action                   |  1- 3 |  4- 6 || total
-------------------------+-------+-------++-------
Melee: Unarmed           |    86 |    58 ||   144
       Constrict         |    24 |    11 ||    35
       Kick              |    18 |    17 ||    35
       Tentacles         |    12 |    10 ||    22
       Punch             |     1 |       ||     1
 Cast: Beastly Appendage |    27 |    12 ||    39
 Stab: Sleeping          |     7 |     7 ||    14
Armor: Skin              |     7 |     4 ||    11
Dodge: Dodged            |    47 |    33 ||    80

Table legend: (Time is in decaauts)
 A = Elapsed time spent in this place.
 B = Non-inter-level travel time spent in this place.
 C = Inter-level travel time spent in this place.
 D = Time resting spent in this place.
 E = Time spent auto-exploring this place.
 F = Levels seen in this place.
 G = Mean time per level.
                   A        B        C        D        E       F      G
               +--------+--------+--------+--------+--------+-----+--------+
         Total |   3018 |   2999 |     19 |    269 |   2287 |   3 | 1006.0 |
       Dungeon |   3018 |   2999 |     19 |    269 |   2287 |   3 | 1006.0 |
               +--------+--------+--------+--------+--------+-----+--------+

Top non-repeatable levels by time:
     D:1: 1495 daAuts
     D:2: 1030 daAuts
     D:3: 492 daAuts
